[Event "10th Iberoamericano-ch 2024"]
[Site "Linares"]
[Date "2024.09.27"]
[Round "4.1"]
[White "Salinas Herrera, Pablo"]
[Black "Garrido Outon, Alex"]
[Result "0-1"]
[ECO "D35"]
[WhiteElo "2479"]
[BlackElo "2448"]
[Annotator "TA"]
[PlyCount "84"]
[EventDate "2024.09.25"]
[EventType "swiss"]
[EventCountry "ESP"]
[SourceTitle "playchess.com"]
[Source "ChessBase"]
[SourceQuality "1"]
[TimeControl "5400+30"]

1. d4 d5 2. c4 e6 3. Nc3 Nf6 4. cxd5 exd5 5. Bg5 Bb4 6. Nf3 h6 7. Bxf6 Qxf6 8. Qa4+ Nc6 9. e3 O-O 10. Be2 Be6 11. O-O a6 12. Rfc1 Bd6 13. Qd1 Ne7 14. Na4 b6 15. b4 g5 16. Nb2 {[%emt 0:00:42] The position is equal.} a5 17. b5 Ng6 18. Nd3 Rae8 19. Rc3 Kg7 20. Rac1 Re7 21. Nd2 h5 22. Bxh5 $16 Rh8 23. h3 Nh4 {[%emt 0:03:19][%cal Oh4g2] [#]} 24. Ne5 $1 Nxg2 25. Kxg2 Qh6 $1 {[%emt 0:00:05] Really sharp!} 26. Bg4 {[%emt 0:01:18] Bxe6 is the strong threat.} f5 27. Bf3 {[%emt 0:03:46] Hoping for Kf1.} g4 $1 (27... Qxh3+ $6 28. Kg1 $16) 28. hxg4 ({White should try} 28. Qh1 $11) 28... fxg4 $15 29. Bxg4 $2 {[%emt 0:08:23][%mdl 8192] [#] Now White is beyond hope.} (29. Kf1 $1 $15 gxf3 30. Ndxf3) 29... Bxe5 $1 $19 30. dxe5 (30. Bxe6 $142 Qxe6 31. Qf3 (31. dxe5 $2 {leads to mate.} Qh3+ 32. Kg1 Qh1#) 31... Rh2+ (31... Rf7 32. dxe5 Rxf3 33. Kxf3 $11) 32. Kf1) 30... Qh2+ 31. Kf1 Qh1+ (31... Qxe5 $2 {too greedy.} 32. Qf3 c5 33. Bxe6 (33. bxc6 Rf7 $18) 33... Rxe6 34. Rd3 $18) 32. Ke2 Bxg4+ 33. f3 Qh2+ 34. Kd3 Bf5+ 35. e4 dxe4+ 36. fxe4 Rd7+ {[%emt 0:01:02] Black mates.} 37. Kc2 {[%emt 0:00:04] [#]} Rxd2+ $1 38. Qxd2 Bxe4+ 39. Kd1 Qg1+ 40. Qe1 Rd8+ 41. Ke2 Qg4+ 42. Kf2 Qg2+ {[%emt 0:00:06] Weighted Error Value: White=0.63/Black=0.17 (very precise) .  Loses game:     	White=1     	---        Mistake:       	White=3     	Black=1      Inaccurate:     	White=1     	Black=2      OK:         	White=7     	Black=2      Best:        	White=2     	Black=2      Strong:       	---       	Black=3} 0-1

[Event "10th Iberoamericano-ch 2024"]
[Site "Linares"]
[Date "2024.09.27"]
[Round "4.2"]
[White "Garcia Ramos, Daniel"]
[Black "Flores Quillas, Diego Saul Rodri"]
[Result "1-0"]
[ECO "B62"]
[WhiteElo "2415"]
[BlackElo "2451"]
[Annotator "TA"]
[PlyCount "71"]
[EventDate "2024.09.25"]
[EventType "swiss"]
[EventCountry "ESP"]
[SourceTitle "playchess.com"]
[Source "ChessBase"]
[SourceQuality "1"]
[TimeControl "5400+30"]

1. e4 c5 2. Nf3 d6 3. d4 Nf6 4. Nc3 cxd4 5. Nxd4 Nc6 6. Bg5 e6 7. Qd3 Bd7 8. Ndb5 Nb4 $1 9. Qd1 a6 {[%emt 0:05:15] White has an edge.} 10. Bxf6 gxf6 11. a3 Nxc2+ 12. Qxc2 axb5 13. Bxb5 Bc6 {[%emt 0:01:01] Black is weak on the light squares} (13... Bxb5 $14 {deserves consideration.} 14. Nxb5 Qa5+ 15. Nc3 Bg7) 14. O-O $16 Be7 15. Rad1 Qb6 16. Qe2 Ra5 17. a4 Bxb5 18. axb5 (18. Nxb5 Rxa4 19. Rc1 O-O $11) 18... h5 19. Rfe1 Kf8 20. Qc4 Ra8 {[%emt 0:02:33] Repels Qc8+} 21. Re3 Rg8 22. Rh3 Rh8 23. b4 h4 24. Rf3 Rh6 25. h3 Kg7 26. Rf4 Kh8 27. Rg4 Rg8 ({Better is} 27... Rh5 $14) 28. Rxg8+ Kxg8 29. Ra1 {[%emt 0:00:27] [#] Ra8+ would now be deadly. White is more active.} Kg7 30. Ra8 d5 31. Qc8 $40 {[%emt 0:02:24][%csl Ga8][%cal Rc8g8][%mdl 128] White is out for blood.} Rh7 $2 {[%emt 0:00:02][%mdl 8192] [#] A mistake that costs the game.} (31... f5 $16) 32. Nxd5 $1 $18 (32. exd5 Qd4 $18) 32... Qd6 ({Weaker is} 32... exd5 33. Qg4+ Kh6 34. Qxh4+ Kg7 35. Qg4+ Kh6 36. Rg8 (36. exd5 f5 $15) 36... f5 37. Qf4+ (37. exf5 Qd6 $18) 37... Kh5 38. g4+ (38. exf5 Qd6 39. Qg4+ Kh6 40. h4 Bd8 41. Rg5 Qh2+ 42. Kxh2 Bc7+ 43. Kh3 Rh8 44. Rh5#) (38. Qxf5+ Kh6 39. Qf4+ Kh5 40. g4+ Kh4 41. Qg3#) 38... fxg4 39. hxg4+ Kh4 40. Qh2#) (32... Qd4 $142) 33. Qg8+ Kh6 34. Ne3 {[%emt 0:00:15] Intending Ng4+ and mate. White is clearly winning.} Rg7 35. Qh8+ Kg6 36. Rg8 {[%emt 0:00:50] Weighted Error Value: White=0.07 (flawless) /Black=0.28 (precise) .  Loses game:     	---       	Black=1      Mistake:       	---       	Black=3      Inaccurate:     	White=6     	Black=3      OK:         	White=8     	Black=7      Best:        	White=5     	---        Strong:       	White=1     	Black=1} (36. Qxh4 f5 37. exf5+ exf5 $18) 1-0

[Event "10th Iberoamericano-ch 2024"]
[Site "Linares"]
[Date "2024.09.27"]
[Round "4.3"]
[White "Rodriguez Vila, Andres"]
[Black "Vallejo Pons, Francisco"]
[Result "1-0"]
[ECO "B06"]
[WhiteElo "2417"]
[BlackElo "2657"]
[Annotator "RC"]
[PlyCount "55"]
[EventDate "2024.09.25"]
[EventType "swiss"]
[EventCountry "ESP"]
[SourceTitle "playchess.com"]
[Source "ChessBase"]
[SourceQuality "1"]
[TimeControl "5400+30"]

1. d4 g6 2. e4 Bg7 3. Nc3 d6 4. Be3 a6 5. g4 b5 6. Bg2 Bb7 7. h4 h6 8. f4 Nd7 9. d5 c5 10. dxc6 Bxc6 11. Nge2 Ngf6 12. Nd4 Bb7 13. g5 hxg5 14. hxg5 Rxh1+ 15. Bxh1 Nh5 16. f5 Ng3 17. fxg6 fxg6 18. Qf3 Bxd4 19. Bxd4 Nf5 20. Bf2 Ne5 21. Qh3 Ng7 22. Bd4 Nh5 23. O-O-O Qc8 24. Qh4 b4 25. Nd5 Bxd5 26. exd5 Qc4 27. Be4 Kf7 28. Bxe5 1-0

[Event "10th Iberoamericano-ch 2024"]
[Site "Linares"]
[Date "2024.09.27"]
[Round "4.4"]
[White "Pichot, Alan"]
[Black "Merario Alarcon, Andres"]
[Result "1/2-1/2"]
[ECO "C55"]
[WhiteElo "2628"]
[BlackElo "2408"]
[Annotator "TA"]
[PlyCount "71"]
[EventDate "2024.09.25"]
[EventType "swiss"]
[EventCountry "ESP"]
[SourceTitle "playchess.com"]
[Source "ChessBase"]
[SourceQuality "1"]
[TimeControl "5400+30"]

1. e4 e5 2. Nf3 Nc6 3. Bc4 Nf6 4. d3 d5 5. exd5 Nxd5 6. O-O Bg4 7. Re1 {[%emt 0:03:22][%cal Of3e5] [#] Black must now prevent Nxe5!} Bb4 8. Bd2 {[%emt 0:06:03][%cal Of3e5] Nxe5! would now be deadly.} O-O 9. h3 Bxf3 {[%emt 0:00:18] White is slightly better.} 10. Qxf3 Bxd2 11. Nxd2 Nb6 12. c3 Nxc4 13. Nxc4 f6 14. b4 Qd7 15. a4 a6 16. Red1 Rad8 17. Rab1 Ne7 18. Qxb7 Nd5 19. Rbc1 (19. Qxa6 $2 {too greedy.} Ra8 (19... Nxc3 20. Nxe5 fxe5 21. Qc4+ Nd5 22. a5 $19) 20. Nxe5 fxe5 $19) 19... Qxa4 20. Ne3 $1 Qb5 21. Qxb5 axb5 22. d4 exd4 23. cxd4 Rf7 24. Rc5 Rfd7 25. Rb1 (25. Rxb5 $2 {is the wrong capture.} Nc3 26. Rc5 Nxd1 27. Nxd1 Rxd4 $19) 25... Nf4 26. Kh2 Rxd4 27. Rxc7 Nd3 28. Ra1 {[%emt 0:03:16] [#] Hoping for Raa7.} R4d7 29. Raa7 Rxc7 30. Rxc7 Nxb4 $11 {[%emt 0:01:25][%mdl 4096] Endgame. KRN-KRN} 31. Nf5 Nd3 32. Kg3 (32. Rxg7+ $11 Kf8 (32... Kh8 33. Rb7 $11) 33. Rxh7) 32... Kh8 33. Rb7 b4 34. Kf3 Ne5+ (34... g6 $15 {is more appropriate.} 35. Ne3 Rd4) 35. Ke4 g6 36. Nd4 {[%emt 0:00:47] Weighted Error Value: White=0.08 (flawless) /Black=0.05 (flawless) .  Mistake:       	White=1     	Black=1      Inaccurate:     	White=1     	Black=1      OK:         	White=10    	Black=19     Best:        	White=2     	Black=1      Strong:       	White=1     	---} 1/2-1/2

[Event "10th Iberoamericano-ch 2024"]
[Site "Linares"]
[Date "2024.09.27"]
[Round "4.5"]
[White "Quesada Perez, Luis Ernesto"]
[Black "Fernandez Sanchez, Fernando Miguel"]
[Result "1-0"]
[ECO "D52"]
[WhiteElo "2578"]
[BlackElo "2399"]
[Annotator "TA"]
[PlyCount "55"]
[EventDate "2024.09.25"]
[EventType "swiss"]
[EventCountry "ESP"]
[SourceTitle "playchess.com"]
[Source "ChessBase"]
[SourceQuality "1"]
[TimeControl "5400+30"]

1. d4 Nf6 2. c4 e6 3. Nf3 d5 4. Nc3 c6 5. Bg5 Nbd7 6. e3 Qa5 7. Nd2 Bb4 8. Qc2 dxc4 9. Bxf6 Nxf6 10. Nxc4 Qc7 11. a3 Be7 12. Be2 c5 13. Nb5 {[%emt 0:03:01] Excellent horsemanship.} Qb8 14. dxc5 Bxc5 {[%emt 0:00:15] White has an edge.} 15. b4 Be7 16. Na5 {[%emt 0:01:32] Black must now prevent Nc7+.} O-O 17. Nc7 {[%emt 0:03:11] [#]} b6 $1 18. Nxa8 bxa5 19. Nc7 Bb7 {[%emt 0:35:46][%mdl 1024] Black has compensation.} 20. Na6 $1 (20. bxa5 $2 Rc8 (20... Bxg2 $2 21. Rg1 $17) 21. Qb2 Qxc7 $19 (21... Rxc7 22. a6 $11)) 20... Qe5 (20... Qa8 $1 $15 {keeps the upper hand.} 21. O-O (21. bxa5 Bxa6 22. Bxa6 Qxg2 $19) 21... Bxg2) 21. O-O $16 Rc8 {[%emt 0:24:00] Prevents Nc5} 22. Qd3 Qg5 (22... Rd8 $16 23. Qb5 Bd5) 23. g3 $18 Qh6 (23... Rd8 $142 24. Qb5 Qd5 25. Qxd5 (25. bxa5 $2 Qh1#) 25... Nxd5) 24. Rac1 {[%emt 0:06:32] [#] Rxc8+ would now be deadly.} (24. bxa5 $2 Qh3 25. f3 Ng4 $19) 24... Rxc1 (24... Rf8 {might work better.} 25. Nc5 (25. bxa5 $2 {perishes.} Qh3 $19) 25... Ba8) 25. Rxc1 {[%emt 0:00:02] White is clearly winning.} Qh3 26. Bf1 {[%emt 0:01:19] Inhibits Qg2+.} (26. bxa5 $2 Qg2#) 26... Qh5 27. Rc7 Ng4 (27... Qf3 $142 28. e4 (28. Rxe7 $2 Qh1#) 28... Qxd3 29. Bxd3 Bxa6 30. Bxa6 Bd6) 28. h3 {[%emt 0:00:19] Weighted Error Value: White=0.06 (flawless) /Black=0.63.  Mistake:       	---       	Black=5      Inaccurate:     	White=1     	---        OK:         	White=8     	Black=6      Best:        	White=3     	---        Strong:       	White=1     	Black=1} (28. Rxe7 $2 Qxh2#) 1-0

[Event "10th Iberoamericano-ch 2024"]
[Site "Linares"]
[Date "2024.09.27"]
[Round "4.6"]
[White "Ynojosa Aponte, Felix Jose"]
[Black "Iturrizaga Bonelli, Eduardo"]
[Result "1/2-1/2"]
[ECO "A25"]
[WhiteElo "2398"]
[BlackElo "2577"]
[Annotator "RC"]
[PlyCount "24"]
[EventDate "2024.09.25"]
[EventType "swiss"]
[EventCountry "ESP"]
[SourceTitle "playchess.com"]
[Source "ChessBase"]
[SourceQuality "1"]
[TimeControl "5400+30"]

1. c4 e5 2. Nc3 Nc6 3. e3 Nf6 4. a3 d5 5. cxd5 Nxd5 6. Qc2 Nxc3 7. bxc3 Bd6 8. c4 O-O 9. c5 Be7 10. Bb2 Be6 11. Nf3 Qd5 12. Rc1 e4 1/2-1/2

[Event "10th Iberoamericano-ch 2024"]
[Site "Linares"]
[Date "2024.09.27"]
[Round "4.7"]
[White "Cesar Maestre, Bernardo"]
[Black "Avila Pavas, Santiago"]
[Result "1/2-1/2"]
[ECO "B27"]
[WhiteElo "2369"]
[BlackElo "2485"]
[Annotator "TA"]
[PlyCount "102"]
[EventDate "2024.09.25"]
[EventType "swiss"]
[EventCountry "ESP"]
[SourceTitle "playchess.com"]
[Source "ChessBase"]
[SourceQuality "1"]
[TimeControl "5400+30"]

1. e4 c5 2. Nf3 g6 3. c3 Nf6 4. e5 Nd5 5. d4 cxd4 6. cxd4 Bg7 7. Bc4 Nb6 8. Bb3 Nc6 9. a4 {[%emt 0:27:40][%cal Ba2a4,Ba4a5][%mdl 32] [#] Black must now prevent a5.} d5 10. exd6 Qxd6 11. a5 Nd7 12. Be3 O-O 13. Nc3 Nf6 (13... b6 {keeps more tension.} 14. Ne4 Qb8 15. Bd5 Nb4) 14. h3 Qd8 15. a6 bxa6 16. O-O Bb7 17. Qe2 Rb8 18. Rfd1 Na5 19. Ba2 Bxf3 20. Qxf3 Rxb2 21. Na4 Rb5 22. Nc5 Nd7 23. Rab1 (23. Rac1 $11) 23... Rxb1 $15 24. Rxb1 Nb6 (24... Nxc5 $15 {was preferrable.} 25. dxc5 Qc7) 25. Nb7 Nxb7 26. Qxb7 Bxd4 27. Bxd4 Qxd4 28. Qxa7 Qd2 29. Bxf7+ Rxf7 30. Qxb6 {[%emt 0:00:06][%mdl 4096] Endgame. KQR-KQR} Rf6 31. Qc5 Kf7 32. Qc4+ Kg7 33. Qc5 Qd6 34. Qe3 Re6 35. Qc3+ Qe5 36. Qc4 Rf6 37. Qa2 h5 38. h4 g5 (38... a5 $17) 39. hxg5 $11 {[%emt 0:00:06] The position is equal.} Qxg5 40. Re1 Rg6 {[%emt 0:00:14][%csl Gg6][%cal Rg5g2] [#]} 41. Qb2+ Kh7 42. Qb7 Rg7 43. Qe4+ (43. Qxa6 $2 Qxg2#) 43... Kh6 44. Qc6+ Rg6 45. Qb7 e5 46. Qa8 {[%emt 0:00:36][%mdl 1024] White has compensation.} Kh7 {[%emt 0:00:39] Inhibits Qh8+.} 47. Rd1 Rg7 48. Rd8 {[%emt 0:00:28] Hoping for Rh8+.} (48. Qxa6 $2 Qxg2#) 48... Qc1+ 49. Kh2 {[%emt 0:00:04] Intending Qe4+ and mate.} Qf4+ 50. Kg1 {Strongly threatening Rh8+.} Qc1+ 51. Kh2 {[%emt 0:00:09] White wants to mate with Qe4+.} Qf4+ {[%emt 0:00:03] Weighted Error Value: White=0.09 (flawless) /Black=0.08 (flawless) .  Mistake:       	White=1     	Black=2      Inaccurate:     	White=6     	Black=1      OK:         	White=21    	Black=22     Best:        	White=3     	Black=2} 1/2-1/2

[Event "10th Iberoamericano-ch 2024"]
[Site "Linares"]
[Date "2024.09.27"]
[Round "4.8"]
[White "Santos Flores, Alberto"]
[Black "Gines Esteo, Pedro Antonio"]
[Result "1/2-1/2"]
[ECO "D46"]
[WhiteElo "2168"]
[BlackElo "2477"]
[Annotator "TA"]
[PlyCount "67"]
[EventDate "2024.09.25"]
[EventType "swiss"]
[EventCountry "ESP"]
[SourceTitle "playchess.com"]
[Source "ChessBase"]
[SourceQuality "1"]
[TimeControl "5400+30"]

1. d4 Nf6 2. c4 e6 3. Nf3 d5 4. Nc3 c6 5. e3 Nbd7 6. Bd3 Bd6 7. e4 dxe4 8. Nxe4 Nxe4 9. Bxe4 Qa5+ 10. Bd2 Bb4 11. a3 Bxd2+ {[%emt 0:01:30] White is slightly better.} 12. Qxd2 Qxd2+ 13. Kxd2 c5 14. b4 Nf6 15. Ke3 cxd4+ 16. Nxd4 Nxe4 17. Kxe4 Bd7 18. c5 O-O-O 19. Rhd1 Ba4 20. Rd2 Rd5 21. Raa2 (21. Nf3 $11 {remains equal.}) 21... Rhd8 (21... g5 $17 {White must now prevent ...f5+.} 22. f4 gxf4) 22. Ke3 ({White should play} 22. f4 $11) 22... Kc7 (22... Re5+ $15 23. Kf4 Rh5) 23. Nf3 f6 24. Rxd5 Rxd5 $11 {[%emt 0:00:01][%mdl 4096] Endgame. KRB-KRN} 25. Nd4 Re5+ 26. Kd3 Bd7 27. f4 Rh5 28. g3 e5 29. fxe5 Rxe5 30. Re2 Rxe2 31. Kxe2 Kd8 32. Kd3 a6 33. Ke4 {[%emt 0:00:57] And now Kd5 would win.} Bc6+ 34. Kf4 {[%emt 0:11:01] Weighted Error Value: White=0.16 (very precise) /Black=0.12 (very precise) .  Mistake:       	White=2     	Black=2      Inaccurate:     	White=2     	Black=1      OK:         	White=7     	Black=12     Best:        	White=1     	---} 1/2-1/2

[Event "10th Iberoamericano-ch 2024"]
[Site "Linares"]
[Date "2024.09.27"]
[Round "4.9"]
[White "Fernandez Guillen, Ernesto J."]
[Black "Ladron De Guevara Pinto, Paolo"]
[Result "1/2-1/2"]
[ECO "C54"]
[WhiteElo "2463"]
[BlackElo "2371"]
[Annotator "TA"]
[PlyCount "89"]
[EventDate "2024.09.25"]
[EventType "swiss"]
[EventCountry "ESP"]
[SourceTitle "playchess.com"]
[Source "ChessBase"]
[SourceQuality "1"]
[TimeControl "5400+30"]

1. e4 e5 2. Nf3 Nc6 3. Bc4 Nf6 4. d3 Bc5 5. c3 d6 6. a4 {[%emt 0:06:22] C54: Giuoco Piano: 4 c3 Nf6, main lines with 5 d4 and 5 d3.} a6 7. b4 Ba7 8. Bg5 h6 9. Bh4 g5 10. Bg3 Qe7 11. Nbd2 Nh5 12. a5 Qf6 13. h3 $146 ({Predecessor:} 13. Qb3 Ne7 14. O-O-O O-O 15. Ne1 c6 16. Nc2 Rd8 17. d4 exd4 18. cxd4 d5 19. e5 {1-0 Lagarde,M (2626)-Rodshtein,M (2584) EU-Cup 38th Durres 2023 (4.2)}) 13... Ne7 14. Rf1 Ng6 15. Nh2 Nhf4 16. Bxf4 gxf4 17. Nhf3 Rg8 18. Qb3 Nf8 19. g4 fxg3 20. fxg3 Bxh3 21. O-O-O (21. Nxe5 $2 Bxf1 (21... Qxe5 22. Bxf7+ Kd8 23. Bxg8 $17) 22. Bxf7+ Ke7 23. Bxg8 dxe5 $19) 21... Bxf1 (21... Rxg3 22. Nd4 Qh8 (22... Bxf1 $2 23. Rxf1 $18) 23. Bb5+ Nd7 (23... axb5 $2 24. Qxf7+ Kd8 25. Qxf8+ Qxf8 26. Rxf8+ Kd7 27. Rxa8 $18) 24. Qxf7+ Kd8 25. Bxd7 Bxd7 26. Rg1 $16 (26. Ne6+ Bxe6 27. Qxe6 Qe8 $11)) 22. Rxf1 Be3 $1 (22... Rxg3 $2 23. Nd4 $18) 23. Kc2 $2 (23. Nh2 Bxd2+ 24. Kxd2 Qg5+ 25. Kd1) 23... Rxg3 $19 24. Nd4 Bf4 25. Nf5 $2 (25. Ne2 Rg2 26. Nxf4 exf4 27. e5 dxe5 (27... Qxe5 $2 28. Bxf7+ Kd7 29. Qd5 $19) 28. Bd5 Rxd2+ 29. Kxd2) 25... Rg2 $19 26. Rxf4 exf4 27. b5 Nd7 28. bxa6 bxa6 29. Qb7 Rd8 30. Qxc7 f3 31. Nxd6+ Kf8 32. Nxf7 {[%emt 0:00:33] [#]} (32. Nb7 $142 Rxd2+ 33. Kxd2) 32... Rxd2+ $2 (32... Rb8 $1 {[%cal Og2d2] aiming for ...Rxd2+!} 33. d4 (33. Qxd7 Rxd2+ 34. Kxd2 Qf4+ 35. Kc2 Qh2+ 36. Kc1 f2 37. d4 Qg1+ 38. Kc2 Qb1+ 39. Kd2 Rb2+ 40. Ke3 Qc1+ 41. Kf3 f1=R+ 42. Bxf1 Qxf1+ 43. Kg4 Rg2+ 44. Kh4 Qf4+ 45. Kh5 Qh2+) (33. Qd6+ Qxd6) 33... Qh4 34. Qd6+ Kg7 35. Qxd7 Rxd2+ 36. Kxd2 Qf2+ 37. Kc1 Qg1+ 38. Kc2 Qb1+ 39. Kd2 Rb2+ 40. Ke3 Qc1+ 41. Kxf3 Qh1+ 42. Kf4 Qh2+ 43. Kf5 Qh3+ 44. Ke5 Qxd7) 33. Kxd2 $19 {[%emt 0:00:07] [#]} f2 $2 (33... Rb8 $1 $19 {Threatens to win with ...f2.} 34. d4 (34. Qxd7 Qf4+ 35. Kc2 Qh2+ 36. Kc1 f2 37. d4 Qh1+ 38. Kc2 Qb1+ 39. Kd2 Rb2+ 40. Ke3 Qc1+ 41. Kf3 f1=Q+ 42. Bxf1 Qxf1+ 43. Kg4 Rg2+ 44. Kh4 Qf4+ 45. Kh5 Qh2+) 34... Qh4) 34. Nxd8 $11 f1=Q 35. Ne6+ Ke7 36. Qd8+ Kd6 $1 (36... Kf7 37. Nf4+ (37. Qxd7+ Kg6 $11) (37. Qxd7+ Kg6 $11)) 37. Qc7+ Ke7 38. Qd8+ Kd6 $1 ({Worse is} 38... Kf7 39. Nf4+ (39. Qxd7+ Kg6 $11) (39. Qxd7+ Kg6 $11)) 39. e5+ Qxe5 40. Qc7+ Ke7 41. Qd8+ Kd6 $1 ({But not} 41... Kf7 $2 42. Qxd7+ Kg6 43. Qe8+ (43. Bxa6 $2 Qee2#) 43... Kh7 44. Nf8+ $18 (44. Bxa6 $2 Qee2#) (44. Bxa6 $2 Qee2#)) 42. Qc7+ Ke7 43. Qd8+ Kd6 $1 ({Don't blunder} 43... Kf7 $2 44. Qxd7+ Kg6 45. Qe8+ (45. Bxa6 $2 Qee2#) 45... Kh7 46. Nf8+ $18 (46. Bxa6 $2 Qee2#) (46. Bxa6 $2 Qee2#)) 44. Qc7+ Ke7 45. Qd8+ 1/2-1/2

[Event "10th Iberoamericano-ch 2024"]
[Site "Linares"]
[Date "2024.09.27"]
[Round "4.10"]
[White "Oro, Faustino"]
[Black "Leyva, Hector"]
[Result "1/2-1/2"]
[ECO "B98"]
[WhiteElo "2434"]
[BlackElo "2296"]
[Annotator "TA"]
[PlyCount "144"]
[EventDate "2024.09.25"]
[EventType "swiss"]
[EventCountry "ESP"]
[SourceTitle "playchess.com"]
[Source "ChessBase"]
[SourceQuality "1"]
[TimeControl "5400+30"]

1. e4 c5 2. Nf3 d6 3. d4 Nf6 4. Nc3 cxd4 5. Nxd4 a6 6. Bg5 e6 7. f4 h6 8. Bh4 Be7 9. Qf3 Qc7 10. O-O-O Nbd7 11. Bd3 g5 12. fxg5 Ne5 13. Qe2 Nfg4 14. Kb1 hxg5 15. Bg3 Bd7 16. h3 Nf6 17. Qd2 Nh5 18. Bh2 O-O-O 19. Nce2 Rdg8 20. Nf3 Nxf3 21. gxf3 e5 22. Rdg1 (22. Nc3 $11 Nf6 23. Bg1) 22... Nf4 $15 23. Bxf4 exf4 24. Nc3 Be6 25. Be2 (25. Nd5 $15 {was preferrable.} Bxd5 26. exd5) 25... Bf6 (25... Bxh3 26. Nd5 Qd8 27. Bf1 Bxf1 28. Nxe7+ (28. Rxf1 Bf6 $15) 28... Qxe7 29. Qc3+ (29. Rxf1 Qe5 $17) 29... Kd7 30. Rxh8 Rxh8 31. Qxh8 $18) (25... Rxh3 26. Rxh3 Bxh3 27. Nd5 $11) ({Black should play} 25... Qa5 $17 26. Rd1 Bf6 (26... Bxh3 27. Qd3 $17) (26... Rxh3 27. Rxh3 Bxh3 28. Bc4 $15)) 26. Nd5 $11 Bxd5 27. Qxd5 Be5 28. Qb3 Rg7 29. Bc4 Rh6 30. Bd5 Kb8 31. a3 Ka7 32. c3 Rhh7 33. Ka2 Qb6 34. Qd1 Rh5 35. Rg2 Rgh7 36. Rgh2 Rh4 37. Qf1 Qc5 38. Qg2 Bf6 39. Rd1 Qc8 40. Bb3 Qc7 41. Rhh1 Qb6 42. Rd5 Be5 43. Rd3 f6 (43... Qd8 $11 {deserves consideration.}) 44. Qf1 Re7 45. Rh2 Rh8 46. Bd5 Kb8 47. Qd1 Ka7 48. Qc2 Qg1 49. Rdd2 Qe3 (49... Qg3 $5) 50. Qd1 Qb6 51. Bb3 Qe3 52. Rh1 Qb6 53. Qf1 Qc7 54. Rd5 Reh7 55. Rd2 Qc8 {[%emt 0:00:18] Inhibits Be6.} 56. Rdh2 Kb8 57. Bd5 Ka7 58. Kb1 (58. h4 {seems wilder.} Rh5 59. hxg5 Rxh2 60. Rxh2 Rxh2 61. Qg1+) 58... Kb8 59. Qg2 Rh4 60. Qf1 R4h7 61. Bb3 Ka8 62. a4 Kb8 63. Bd5 Qd7 64. Qc4 Qc7 65. Qf1 Qd7 66. Bb3 Qc8 67. Qg2 Rh4 68. Bc2 Qc4 69. Qf2 Qc8 70. Qf1 {[%emt 0:00:43] The position is equal.} Qe6 71. Bd1 {[%emt 0:01:21] White is weak on the dark squares} R8h7 72. Qg2 Rh8 {[%emt 0:00:17] Weighted Error Value: White=0.09 (flawless) /Black=0.08 (flawless) .  Mistake:       	White=2     	Black=2      Inaccurate:     	White=6     	Black=4      OK:         	White=12    	Black=27     Best:        	White=1     	Black=1} 1/2-1/2

[Event "10th Iberoamericano-ch 2024"]
[Site "Linares"]
[Date "2024.09.27"]
[Round "4.11"]
[White "Lopez Martinez, Josep Manuel"]
[Black "Noboa Silva, Kevin"]
[Result "1-0"]
[ECO "D36"]
[WhiteElo "2448"]
[BlackElo "2270"]
[Annotator "RC"]
[PlyCount "133"]
[EventDate "2024.09.25"]
[EventType "swiss"]
[EventCountry "ESP"]
[SourceTitle "playchess.com"]
[Source "ChessBase"]
[SourceQuality "1"]
[TimeControl "5400+30"]

1. d4 d5 2. c4 e6 3. Nc3 Nf6 4. cxd5 exd5 5. Bg5 c6 6. Qc2 h6 7. Bh4 Be7 8. e3 O-O 9. Bd3 Re8 10. Nge2 a5 11. O-O Na6 12. a3 Nc7 13. f3 Ne6 14. Bf2 c5 15. dxc5 Bxc5 16. Rad1 Qe7 17. Kh1 Bd7 18. Bb5 Red8 19. Bxd7 Qxd7 20. Bh4 g5 21. Bf2 Qc6 22. Qf5 Ng7 23. Qh3 Qe6 24. Qxh6 Ne4 25. Qxe6 Nxf2+ 26. Rxf2 fxe6 27. Nd4 Rac8 28. Na4 Ba7 29. Re2 Kf7 30. g3 Rc4 31. Nc3 Bc5 32. Ndb5 Be7 33. Rd3 Ke8 34. Kg2 g4 35. f4 Nf5 36. Nd4 Ng7 37. Nd1 Bf6 38. Nf2 Rdc8 39. Nxg4 Be7 40. Rdd2 Bc5 41. Ne5 Ra4 42. Nb5 Nf5 43. Kf3 Re4 44. Rd3 Bd6 45. Nc3 Bxe5 46. Nxe4 dxe4+ 47. Kxe4 Bg7 48. Red2 Rc4+ 49. Kf3 Bf6 50. g4 Nh4+ 51. Kg3 Ng6 52. Rd6 Nf8 53. Rb6 Rc7 54. h4 Bd8 55. Rb5 Rh7 56. h5 b6 57. Re5 Bc7 58. Re4 Ke7 59. Rc4 Ke8 60. g5 e5 61. Kg4 exf4 62. exf4 Ne6 63. Re4 Re7 64. Rde2 Nxf4 65. Rxe7+ Kd8 66. Re8+ Kd7 67. R2e7+ 1-0